 Seeded DCSS version 0.30.0-5-g1a98f26d00 (webtiles) character file.

Game seed: 20230508 (custom seed)

6338 Kazon the Cutter (level 10, -6/53 HPs)
             Began as a Vine Stalker Berserker on May 8, 2023.
             Was a High Priest of Trog.
             Mangled by an orc warrior
             ... wielding a +0 scimitar
              (16 damage)
             ... on level 7 of the Dungeon.
             The game lasted 00:32:43 (6476 turns).

Kazon the Cutter (Vine Stalker Berserker)           Turns: 6476, Time: 00:32:43

Health: -6/53      AC: 10    Str: 28    XL:     10   Next: 96%
Magic:  0/20       EV: 13    Int:  7    God:    Trog [*****.]
Gold:   512        SH:  9    Dex: 16    Spells: 9/9 levels left

rFire   . . .        e - +1 dagger (vamp)
rCold   . . .        c - +1 kite shield {rN+}
rNeg    + . .        M - +0 steam dragon scales
rPois   .            i - +2 helmet
rElec   .            (no cloak)
rCorr   .            (no gloves)
SInv    .            h - +0 pair of boots
Will    +....        (no amulet)
Stlth   +++          f - ring of magical power
HPRegen 1.08/turn    A - +6 ring of strength
MPRegen 0.17/turn

%: guardian spirit
@: no status effects
A: fangs 3, regeneration 1, magic shield, antimagic bite, no potion heal 2
a: Renounce Religion, Berserk, Trog's Hand, Brothers in Arms


You were on level 7 of the Dungeon.
You worshipped Trog.
Trog was extremely pleased with you.
You visited 1 branch of the dungeon, and saw 8 of its levels.

You collected 512 gold pieces.

Inventory:

Hand Weapons
 e - a +1 vampiric dagger (weapon)
 s - a +3 falchion
 I - a +1 hand axe of electrocution
 K - a +0 vampiric hand axe
Missiles
 H - 5 poisoned darts
 L - 15 stones
Armour
 c - a +1 kite shield of positive energy (worn)
 h - a +0 pair of boots (worn)
 i - a +2 helmet (worn)
 M - +0 steam dragon scales (worn)
Jewellery
 f - a ring of magical power (left hand)
 l - a ring of flight
 A - a +6 ring of strength (right hand)
Wands
 y - a wand of iceblast (17)
Scrolls
 b - 3 scrolls of fog {unknown}
 d - 6 scrolls of immolation
 g - 2 scrolls of enchant weapon
 k - 2 scrolls of fear {unknown}
 n - 3 scrolls of noise {unknown}
 p - a scroll of blinking {unknown}
 q - a scroll of vulnerability {unknown}
 t - 3 scrolls of summoning {unknown}
 w - 3 scrolls of identify {unknown}
 x - 2 scrolls of enchant armour {unknown}
 B - a scroll of brand weapon {unknown}
 C - a scroll of teleportation {unknown}
 D - a scroll of magic mapping {unknown}
 E - a scroll of torment {unknown}
Potions
 a - 6 potions of curing
 j - a potion of haste {unknown}
 m - 2 potions of invisibility {unknown}
 o - a potion of heal wounds {unknown}
 r - 2 potions of mutation {unknown}
 u - a potion of berserk rage {unknown}
 v - 3 potions of cancellation {unknown}
 z - a potion of flight {unknown}
 F - 2 potions of brilliance {unknown}
 J - a potion of degeneration {unknown}
Miscellaneous
 G - a piece from Xom's chessboard (2/15) (quivered)


   Skills:
 + Level 6.1 Fighting
 + Level 7.0(7.6) Short Blades
 + Level 4.5(6.4) Long Blades
 * Level 1.9 Axes
 + Level 6.4 Throwing
 + Level 6.2 Armour
 + Level 5.2 Dodging
 + Level 6.3 Stealth
 + Level 1.4 Shields
 * Level 3.9 Evocations


You had 9 spell levels left.
You didn't know any spells.
Your spell library was empty.

Dungeon Overview and Level Annotations

Branches:
Dungeon (8/15)             Temple (0/1) D:7
   Lair: D:8-11

Altars:

Shops:
D:6 (   D:7 (   D:8 (

Annotations:
D:4 1 runed translucent door, turdburglar's ghost, novice HOFi
D:6 1 runed translucent door, Lemondrips's ghost, novice GnRe
D:7 3 runed translucent doors, Palms's ghost, novice TrFi; croobank's ghost, novice DgSu; trckry's ghost, novice DsWn


Innate Abilities, Weirdness & Mutations

You have razor-sharp teeth.
Your natural rate of healing is unusually fast.
When hurt, damage is shared between your health and your magic reserves.
Your bite disrupts and absorbs the magic of your enemies.
Potions cannot restore your health.


Message History

You hit something.
You feel better.
You bite something. You drain its power.
You feel invigorated. Something barely misses you.
You hit something but do no damage. You barely miss something.
Something hits you!
You barely miss something. Something hits you!
* * * LOW HITPOINT WARNING * * *
You miss something. Your bite misses something. Something hits you.
* * * LOW HITPOINT WARNING * * *
You hit something but do no damage. You miss something. Something hits you.
* * * LOW HITPOINT WARNING * * *
You barely miss something. Something hits you.
* * * LOW HITPOINT WARNING * * *
You barely miss something. You hit something.
You feel better. Something hits you.
* * * LOW HITPOINT WARNING * * *
You block something's attack. Something barely misses you.
There is a stone staircase leading up here.
Something hits you.
* * * LOW HITPOINT WARNING * * *
You climb upwards.
Level annotation: 3 runed translucent doors, Palms's ghost, novice TrFi; croobank's ghost, novice DgSu; trckry's ghost, novice DsWn Reactivating autopickup.
There is a stone staircase leading down here.
You block something's attack.
Deactivating autopickup; reactivate with Ctrl-A.
There is a stone staircase leading up, spattered with blood here.
Something hits you!
* * * LOW HITPOINT WARNING * * *
You see here a +0 giant club.
Something hits you.
* * * LOW HITPOINT WARNING * * *
Something barely misses you. Something completely misses you.
Something hits you!
* * * LOW HITPOINT WARNING * * *
Something hits you. Something hits you!
You die...

#################
#...............#
#.#############.# ##### #######
#.#.####......#.# ....# #.....#
##........##.###.# ....# #.....#
#...#'#...##.....# ....####.....#
#..8#'#8..########
....+........###@###'###......#
....####.........++'∩'++..)##.#
....# #.....###.###'###.#.##.#
....# #.....# #..8#+#8...).#.###
....# #.....# #...#+#...#.......
##### #.....####........#..#.##.
# #...............#.#<....#.
#################.####.#.#.....#.
..........................>#...#.


There were no monsters in sight!

Vanquished Creatures
  A wyvern (D:8)
  17 yaks
  A steam dragon (D:8)
  2 water moccasins (D:8)
  An orc warrior (D:6)
  2 ice beasts
  3 ogres (D:7)
  A sky beast (D:7)
  7 black bears
  3 centaurs
  A phantom (D:4)
  Blork the orc (D:4)
  4 bullfrogs (D:8)
  A gnoll sergeant (D:8)
  2 scorpions (D:5)
  4 killer bees
  3 howler monkeys (D:8)
  2 jellies
  A hound (D:6)
  3 orc priests
  A sleepcap (D:7)
  3 iguanas
  Terence (D:2)
  4 orc wizards
  Robin (D:1)
  10 gnolls
  9 adders
  A shadow imp (D:8)
  A white imp (D:5)
  4 dart slugs
  14 orcs
  6 ball pythons
  8 endoplasms
  2 giant cockroaches (D:1)
  9 hobgoblins
  4 jackals
  2 kobolds (D:3)
  6 quokkas
  5 bats
  3 frilled lizards
  13 goblins
  8 rats
175 creatures vanquished.

Vanquished Creatures (others)
  A hobgoblin (D:2)
1 creature vanquished.

Grand Total: 176 creatures vanquished

Notes
Turn   | Place    | Note
-------+----------+-------------------------------------------
     0 | D:1      | Kazon the Vine Stalker Berserker began the quest for the
                  | Orb.
     0 | D:1      | Reached XP level 1. HP: 11/11 MP: 2/2
   142 | D:1      | Reached XP level 2. HP: 15/16 MP: 3/3
   171 | D:1      | Reached skill level 3 in Short Blades
   362 | D:1      | Reached XP level 3. HP: 20/20 MP: 4/4
   656 | D:2      | Reached ** piety under Trog
   748 | D:2      | Noticed Robin
   792 | D:1      | Killed Robin
   888 | D:2      | Gained mutation: Your natural rate of healing is unusually
                  | fast. [Vine Stalker growth]
   888 | D:2      | Reached XP level 4. HP: 24/24 MP: 5/5
   900 | D:2      | Noticed Terence
   917 | D:2      | Killed Terence
  1243 | D:3      | Noticed a black bear
  1258 | D:3      | Killed a black bear
  1259 | D:3      | Reached skill level 4 in Short Blades
  1259 | D:3      | Reached skill level 1 in Throwing
  1259 | D:3      | Reached skill level 1 in Stealth
  1259 | D:3      | Reached XP level 5. HP: 28/28 MP: 4/6
  1729 | D:4      | Noticed Blork the orc
  1784 | D:4      | Killed Blork the orc
  1785 | D:4      | Reached XP level 6. HP: 32/32 MP: 7/7
  1837 | D:4      | Found a runed translucent door.
  1915 | D:4      | Reached *** piety under Trog
  2223 | D:4      | Reached skill level 5 in Fighting
  2223 | D:4      | Reached skill level 6 in Short Blades
  2223 | D:4      | Reached skill level 5 in Throwing
  2223 | D:4      | Reached skill level 5 in Stealth
  2223 | D:4      | Reached XP level 7. HP: 39/39 MP: 8/8
  2468 | D:4      | Gained mutation: You have razor-sharp teeth. [Vine Stalker
                  | growth]
  2468 | D:4      | Reached XP level 8. HP: 41/44 MP: 9/9
  2599 | D:4      | Noticed turdburglar's ghost (novice HOFi)
  2639 | D:5      | Entered Level 5 of the Dungeon
  3233 | D:5      | Noticed a yak
  3233 | D:5      | Noticed a yak
  3262 | D:5      | Killed a yak
  3271 | D:5      | Noticed a yak
  3297 | D:5      | Killed a yak
  3298 | D:5      | Reached skill level 5 in Armour
  3307 | D:5      | Noticed a yak
  3331 | D:5      | Killed a yak
  3332 | D:5      | Reached skill level 1 in Evocations
  3332 | D:5      | Reached XP level 9. HP: 45/47 MP: 10/10
  3762 | D:6      | Found a runed translucent door.
  3762 | D:6      | Noticed Lemondrips's ghost (novice GnRe)
  3956 | D:6      | Found Qajaquif's Weapon Boutique.
  4124 | D:6      | Reached **** piety under Trog
  4882 | D:7      | Reached XP level 10. HP: 53/53 MP: 11/11
  5084 | D:7      | Found Xador's Weapon Shoppe.
  5155 | D:7      | Found a staircase to the Ecumenical Temple.
  5177 | D:7      | Found a runed translucent gate.
  5177 | D:7      | Found a runed translucent gate.
  5177 | D:7      | Found a runed translucent gate.
  5182 | D:7      | Noticed Palms's ghost (novice TrFi)
  5182 | D:7      | Noticed croobank's ghost (novice DgSu)
  5182 | D:7      | Noticed trckry's ghost (novice DsWn)
  5342 | D:7      | Reached skill level 5 in Dodging
  5715 | D:8      | Found Ochits's Hydra Hut.
  5716 | D:8      | Noticed a seven-headed hydra
  5885 | D:8      | Reached skill level 7 in Short Blades
  6083 | D:8      | Reached skill level 1 in Axes
  6188 | D:8      | Reached ***** piety under Trog
  6209 | D:8      | Reached skill level 1 in Shields
  6476 | D:7      | Mangled by an orc warrior

Illustrated notes

Levels and vault maps discovered:
D:1:      lordsloth_arrival_two_stooges, layout_rooms, serial_forest,
          infiniplex_forest_straight_1, infiniplex_forest_diagonal,
          infiniplex_forest_clump_medium, infiniplex_forest_end_3,
          infiniplex_forest_lined_room_2, infiniplex_forest_lined_4_way,
          infiniplex_forest_lined_room_2
D:2:      layout_rooms, uniq_terence, uniq_robin
D:3:      layout_basic, minmay_gold_behind_fungi
D:4:      wander_river, layout_basic, ebering_ghost_inner_flame,
          uniq_blork_the_orc
D:5:      layout_basic
D:6:      layout_basic, serial_shops, nicolae_lakefront_shop,
          hellmonk_ghost_happy_afterlife, hellmonk_bongcloud_opening,
          chequers_serial_rivers_small_3
D:7:      layout_basic, temple_fountains, gammafunk_ghost_cemetery,
          serial_shops, nicolae_shop_real_fake_doors
D:8:      layout_basic, due_lair_maze_entry_diamond, doesnt_shop_hydraphobe

Skill      XL: |  1  2  3  4  5  6  7  8  9 10 |
---------------+-------------------------------+-----
Short Blades   | 3 4 6 7 |  7.0
Fighting       | 3 5 6 |  6.1
Armour         | 2 4 5 6 |  6.2
Dodging        | 2 4 5 |  5.2
Throwing       | 1 5 6 |  6.4
Stealth        | 1 5 6 |  6.3
Long Blades    | 3 4 |  4.5
Evocations     | 1 2 3 |  3.9
Axes           | 1 |  1.9
Shields        | 1 |  1.4

Action                     |  1- 3 |  4- 6 |  7- 9 | 10-12 || total
---------------------------+-------+-------+-------+-------++-------
  Melee: Short sword       |    30 |       |       |       ||    30
         Bite              |    30 |    44 |   140 |   114 ||   328
         Punch             |     2 |     3 |     5 |     1 ||    11
         Dagger            |    86 |   154 |   332 |   275 ||   847
         Falchion          |       |       |    24 |    51 ||    75
  Throw: Stone             |     4 |    18 |    48 |     8 ||    78
         Dart              |       |       |     2 |       ||     2
 Invoke: Berserk           |       |     1 |       |       ||     1
  Evoke: Piece from Xom's  |       |       |     8 |    17 ||    25
    Use: Scroll            |       |     1 |       |       ||     1
         Potion            |       |     1 |       |       ||     1
   Stab: Sleeping          |     1 |     1 |     3 |     2 ||     7
 Armour: Animal skin       |    22 |     1 |       |       ||    23
         Scale mail        |       |    71 |    96 |    49 ||   216
         Steam dragon scal |       |       |       |    47 ||    47
  Dodge: Dodged            |    69 |    85 |   157 |   124 ||   435
  Block: Kite shield       |       |       |       |   100 ||   100
